 Dungeon Crawl Stone Soup version 0.25-a0-663-gace7076f2c (webtiles) character file.

Game seed: 6360860430059887129, levelgen mode: deterministic

39 GenChuck the Cudgeler (level 3, -3/33 HPs)
             Began as a Troll Warper on Mar 24, 2020.
             Slain by a worker ant (4 damage)
             ... on level 1 of the Dungeon.
             The game lasted 00:09:36 (1200 turns).

GenChuck the Cudgeler (Troll Warper)                Turns: 1200, Time: 00:09:37

Health: -3/33      AC:  6    Str: 20    XL:     3   Next: 26%
Magic:  1/4        EV: 10    Int:  9    God:
Gold:   77         SH:  0    Dex:  9    Spells: 3/5 levels left

rFire    . . .     SeeInvis .   a - +0 mace
rCold    . . .     Gourm    +   (no shield)
rNeg     . . .     Faith    .   b - +0 robe
rPois    .         Spirit   .   (helmet restricted)
rElec    .         Reflect  .   (no cloak)
rCorr    .         Harm     .   (gloves unavailable)
MR       .....                  (boots unavailable)
Stlth    +.........             (no amulet)
HPRegen  0.51/turn              (no ring)
MPRegen  0.09/turn              (no ring)

@: lethally poisoned (-3 -> -3)
A: large, unfitting armour, claws 3, fast metabolism 3, gourmand, regeneration
1, shaggy fur 1, tough skin 3
a: no special abilities


You were on level 1 of the Dungeon.
You were very full.

You visited 1 branch of the dungeon, and saw 2 of its levels.

You collected 77 gold pieces.

Inventory:

Hand Weapons
 a - a +0 mace (weapon)
Missiles
 e - 3 boomerangs of dispersal (quivered)
Armour
 b - a +0 robe (worn)
Scrolls
 c - a scroll of teleportation {unknown}
 d - a scroll of blinking
Potions
 g - 2 potions of ambrosia {unknown}
Comestibles
 f - 4 rations


   Skills:
 - Level 1.5 Fighting
 * Level 2.8 Maces & Flails
 - Level 0.8 Throwing
 + Level 2.3 Dodging
 + Level 1.5 Spellcasting
 + Level 2.1 Translocations


You had 3 spell levels left.
You knew the following spells:

 Your Spells              Type           Power        Failure   Level  Hunger
a - Blink                 Tloc           N/A          22%         2    ###....

Your spell library contained the following spells:

 Spells                   Type           Power        Failure   Level  Hunger
 Shroud of Golubria       Chrm/Tloc      #.....       34%         2    ###....
 Gell's Gravitas          Tloc           #.........   41%         3    ####...
 Lesser Beckoning         Tloc           #.........   41%         3    ####...
 Teleport Other           Tloc           #.......     41%         3    ####...
 Passage of Golubria      Tloc           N/A          82%         4    #####..


Dungeon Overview and Level Annotations

Branches:
Dungeon (2/15)

Altars:
Ashenzari


Innate Abilities, Weirdness & Mutations

You are too large for most types of armour.
You have claws for hands.
Your metabolism is lightning-fast.
You like to eat raw meat.
Your natural rate of healing is unusually fast.
You are covered in fur. (AC +1)
You have extremely tough skin. (AC +3)


Message History

Confirm with . or Enter, or press ? or * to list all spells.
You blink.
You feel sick.
Casting: Blink (safe; 22% risk of failure)
Confirm with . or Enter, or press ? or * to list all spells.
You don't have enough magic to cast that spell.
You feel sick.
You feel sick.
You see here a +0 short sword.
You feel sick.
You see here 20 stones.
The worker ant misses you.
You feel sick.
You feel sick. The worker ant misses you. The worker ant closely misses you.
You feel sick. The worker ant bites you.
* * * LOW HITPOINT WARNING * * *
The worker ant bites you.
You die...

#>#.(.# #.##§§§.# #§§§# #.##)##
#.#8§§§## ##§§8 #.##(####.##§..#
#§§# #.##÷##...##...# #§.#
#.##.(....##...## ##..#
##.#####...##....# #...#
#...####...###...## ##..##
............##....## ##...#
..>.####.######.@..### ###...##
.#.## #.#######.a...####)...##
.#.# #.##....###.........### .#.#
#.#.#.######.#####.## .#.#
#..###.....#.# ###.# .#.#
#...#.####.#.# #.#.#
.#.#####.....####.#.# #...#######
...........#......#.###)..(>.....
##.#####...........(.).....))....


You could see a worker ant.

Vanquished Creatures
  An adder (D:1)
  2 dart slugs (D:1)
  A leopard gecko (D:1)
  A giant cockroach (D:1)
  2 hobgoblins
  2 bats (D:1)
  3 frilled lizards (D:1)
  4 goblins (D:1)
  7 kobolds (D:1)
  4 rats (D:1)
27 creatures vanquished.

Notes
Turn   | Place    | Note
-------+----------+-------------------------------------------
     0 | D:1      | GenChuck the Troll Warper began the quest for the Orb.
     0 | D:1      | Reached XP level 1. HP: 19/19 MP: 1/1
   271 | D:1      | Reached XP level 2. HP: 27/27 MP: 3/3
   292 | D:1      | Found a shattered altar of Ashenzari.
  1056 | D:1      | Reached XP level 3. HP: 33/33 MP: 4/4
  1171 | D:1      | Learned a level 2 spell: Blink
  1200 | D:1      | HP: 1/33 [worker ant (5)]
  1200 | D:1      | Slain by a worker ant

Levels and vault maps discovered:
D:1:      heliophobic_arrival_dark_side_of_the_moon, layout_loops_ring,
          nicolae_ashenzari_panopticon
D:2:      layout_rooms, nicolae_overflow_crystal_walls, lemuel_crystal_altar,
          hangedman_decor_growths, chequers_serial_rivers_small_b,
          minmay_misc_feat_cross, minmay_joined_circles

Skill      XL: |  1 |
---------------+----+-----
Dodging        | 2 |  2.3
Maces & Flails | 2 |  2.8
Fighting       | |  1.5
Throwing       | |  0.8
Spellcasting   | |  1.5
Translocations | |  2.1

Action                   || total
-------------------------++-------
Melee: Mace              ||    92
Throw: Boomerang         ||     2
 Cast: Blink             ||     2
  Eat: Chunk             ||    16
Armor: Robe              ||    51
Dodge: Dodged            ||    67

Table legend:
 A = Non-vault XP
 B = Vault XP
 C = Vault XP percentage of total XP
 D = Non-vault monster count
 E = Vault monster count
 F = Vault count percentage of total count
                 A         B        C        D         E       F
            +---------+---------+-------+---------+---------+-------
      Total |      56 |       0 |   0.0 |      27 |       0 |   0.0
            +---------+---------+-------+---------+---------+-------
        D:1 |      54 |       0 |   0.0 |      26 |       0 |   0.0
        D:2 |       2 |       0 |   0.0 |       1 |       0 |   0.0
            +---------+---------+-------+---------+---------+-------
